 Dungeon Crawl Stone Soup version 0.30-a0-311-gf115ab0292 (webtiles) character file.

Game seed: 15334968718873664485

732 Bnni the Covert (level 8, -5/48 HPs)
             Began as a Kobold Brigand on Oct 25, 2022.
             Was a Believer of Uskayaw.
             Slain by an iguana (12 damage)
             ... on level 4 of the Dungeon.
             The game lasted 00:05:04 (3647 turns).

Bnni the Covert (Kobold Brigand)                    Turns: 3647, Time: 00:05:05

Health: -5/48      AC:  3    Str:  8    XL:     8   Next: 3%
Magic:  8/8        EV: 14    Int: 12    God:    Uskayaw [**....]
Gold:   216        SH:  5    Dex: 19    Spells: 7/7 levels left

rFire   . . .      SeeInvis .    m - +8 long sword of Hiruerghi {vamp, rElec rCorr}
rCold   . . .      Faith    .    (no shield)
rNeg    . . .      Spirit   .    b - +0 robe
rPois   .          Reflect  +    (no helmet)
rElec   +          Harm     .    c - +0 cloak
rCorr   +          Rampage  .    (no gloves)
Will    .....                    (no boots)
Stlth   +++++.....               h - amulet of reflection
HPRegen 0.28/turn                y - +4 ring of slaying
MPRegen 0.11/turn                B - ring of wizardry

@: no status effects
A: small, no large weapons, nightstalker 3
a: Renounce Religion, Stomp, Line Pass


You were on level 4 of the Dungeon.
You worshipped Uskayaw.
Uskayaw was noncommittal.
You visited 1 branch of the dungeon, and saw 4 of its levels.

You collected 216 gold pieces.

Inventory:

Hand Weapons
 a - a +2 dagger
 m - the +8 long sword of Hiruerghi (weapon) {vamp, rElec rCorr}
   (You found it on level 2 of the Dungeon)

   It occasionally heals its wielder for a portion of the damage dealt when it
   wounds a living foe.
   rElec:     It insulates you from electricity.
   rCorr:     It protects you from acid and corrosion.
 z - a +0 rapier
Missiles
 d - 17 poisoned darts (quivered)
 e - a curare-tipped dart
Armour
 b - a +0 robe (worn)
 c - a +0 cloak (worn)
Jewellery
 h - an amulet of reflection (around neck)
 y - a +4 ring of slaying (left hand)
 B - a ring of wizardry (right hand)
Wands
 C - a wand of polymorph (3)
 D - a wand of flame (22)
Scrolls
 f - 2 scrolls of blinking {unknown}
 j - a scroll of fear {unknown}
 k - a scroll of magic mapping {unknown}
 l - 5 scrolls of teleportation {unknown}
 n - a scroll of identify {unknown}
 o - a scroll of vulnerability {unknown}
 r - a scroll of poison {unknown}
 u - a scroll of amnesia {unknown}
 v - a scroll of butterflies {unknown}
Potions
 g - a potion of lignification {unknown}
 i - 2 potions of heal wounds {unknown}
 p - a potion of might {unknown}
 q - a potion of degeneration {unknown}
 s - 4 potions of haste {unknown}
 t - a potion of attraction {unknown}
 w - a potion of invisibility {unknown}
 x - a potion of flight {unknown}
 A - 4 potions of resistance {unknown}


   Skills:
 + Level 4.5 Fighting
 * Level 7.3 Short Blades
 - Level 2.1 Throwing
 - Level 1.2 Dodging
 * Level 9.2 Stealth


You had 7 spell levels left.
You didn't know any spells.
Your spell library contained the following spells:

 Spells                   Type           Power      Damage    Failure   Level
 Magic Dart               Conj           0%         1d3       13%         1
 Call Imp                 Summ           0%         N/A       21%         2
 Frozen Ramparts          Ice            0%         1d1       36%         3
 Ignite Poison            Fire/Tmut/Pois 0%         N/A       36%         3
 Kindle Blastsparks       Fire/Tloc/Air  0%         2d10      36%         3
 Mephitic Cloud           Conj/Pois/Air  0%         N/A       36%         3
 Ice Form                 Ice/Tmut       0%         N/A       75%         4
 Summon Ice Beast         Ice/Summ       0%         N/A       75%         4
 Freezing Cloud           Conj/Ice/Air   0%         6-21      97%         5


Dungeon Overview and Level Annotations

Branches:
Dungeon (4/15)
 Temple: D:4-7

Altars:
Elyvilon
Sif Muna
Uskayaw

Shops:
D:1 *


Innate Abilities, Weirdness & Mutations

You are small and have problems with some larger weapons.
You are completely attuned to the shadows.


Message History

The iguana moves out of view. 2 gnolls come into view.
A gnoll is wielding a +2 flail of protection.
A gnoll comes into view. It is wielding a +0 halberd.
Found a fizzy purple potion.
The gnoll closely misses you.
You slash the gnoll!
You kill the gnoll!
The gnoll shouts!
You hear a shout! x2
A gnoll bouda and a gnoll come into view.
The gnoll is wielding a +0 spear of venom.
The gnoll shouts!
The gnoll barely misses you.
The gnoll bouda moves out of view.
The iguana hisses angrily.
You hit the gnoll.
The gnoll is heavily wounded.
The gnoll hits you with a +0 halberd!
The gnoll hits you with a +2 flail of protection!
You can now pass through a line of other dancers.
You are too injured to fight recklessly!
Unknown command.
You hit the gnoll.
You feel better.
The gnoll is almost dead.
A gnoll comes into view. It is wielding a +0 whip.
You block the gnoll's attack.
The gnoll hits you with a +2 flail of protection.
The gnoll bouda barks out a call to the hunt!
The gnolls pick up the pace!
You block the gnoll's attack.
You hit the gnoll.
You kill the gnoll!
The gnoll hits you with a +2 flail of protection!
* * * LOW HITPOINT WARNING * * *
The gnoll barely misses you. The iguana closely misses you.
Unknown command.
You slash the gnoll!
You feel better.
You kill the gnoll!
The iguana bites you!
* * * LOW HITPOINT WARNING * * *
The iguana bites you!
You die...

................
................
................
...##..#######..
.........>...........
............####.##..
............# # #..
..gl).......# #..
.!gg@.......# .####
...)........# .....
............# .....
............# .....
............# ......
.....##### ......
...... ...... ...)))


You could see a gnoll bouda, an iguana and 2 gnolls.

Vanquished Creatures
  Grinder (D:4)
  Eustachio (D:4)
  A necrophage (D:4)
  A gnoll bouda (D:4)
  Jessica (D:2)
  Terence (D:2)
  An orc wizard (D:2)
  12 gnolls
  5 adders
  3 worms
  A dart slug (D:2)
  7 orcs
  5 endoplasms
  3 giant cockroaches (D:1)
  8 goblins
  4 hobgoblins
  4 jackals (D:2)
  4 kobolds
  4 quokkas
  A ball python (D:3)
  3 bats
  3 frilled lizards
  5 rats
79 creatures vanquished.

Notes
Turn   | Place    | Note
-------+----------+-------------------------------------------
     0 | D:1      | Bnni the Kobold Brigand began the quest for the Orb.
     0 | D:1      | Reached XP level 1. HP: 12/12 MP: 1/1
   307 | D:1      | Reached XP level 2. HP: 18/18 MP: 2/2
   880 | D:1      | Reached XP level 3. HP: 22/22 MP: 3/3
   904 | D:1      | Found Okhitiss's General Store.
  1115 | D:2      | Noticed Jessica
  1123 | D:2      | Killed Jessica
  1124 | D:2      | Reached skill level 6 in Stealth
  1124 | D:2      | Reached XP level 4. HP: 11/27 MP: 4/4
  1517 | D:2      | Noticed Terence
  1521 | D:2      | Killed Terence
  1522 | D:2      | Reached XP level 5. HP: 32/32 MP: 5/5
  1536 | D:2      | Identified the +8 long sword of Hiruerghi {vamp, rElec
                  | rCorr}
  1944 | D:2      | Reached skill level 5 in Short Blades
  1944 | D:2      | Reached skill level 7 in Stealth
  2184 | D:2      | Reached XP level 6. HP: 4/37 MP: 6/6
  2741 | D:3      | Found a white marble altar of Elyvilon.
  2743 | D:3      | Found a hide-covered altar of Uskayaw.
  2852 | D:3      | Became a worshipper of Uskayaw the Reveller
  2967 | D:3      | Reached * piety under Uskayaw
  3140 | D:4      | Noticed Grinder
  3146 | D:4      | Reached ** piety under Uskayaw
  3149 | D:4      | Reached *** piety under Uskayaw
  3151 | D:4      | Killed Grinder
  3152 | D:4      | Reached skill level 8 in Stealth
  3152 | D:4      | Reached XP level 7. HP: 16/43 MP: 7/7
  3403 | D:4      | Found a shimmering blue altar of Sif Muna.
  3445 | D:4      | Noticed Eustachio
  3454 | D:4      | Killed Eustachio
  3455 | D:4      | Reached skill level 9 in Stealth
  3459 | D:4      | Reached **** piety under Uskayaw
  3468 | D:4      | Reached ***** piety under Uskayaw
  3470 | D:4      | Reached XP level 8. HP: 21/48 MP: 8/8
  3647 | D:4      | Slain by an iguana

Illustrated notes

Levels and vault maps discovered:
D:1:      sevenhm_arrival_forest_fort_large_2, layout_loops_corners,
          serial_shops, shop
D:2:      layout_basic, uniq_terence, uniq_jessica
D:3:      layout_rooms, minitemple, minmay_between
D:4:      layout_basic, lemuel_doored_altar, mainiacjoe_overflow_catch_the_wave,
          dk_noncrumbling_3, uniq_grinder, uniq_eustachio, uniq_duvessa

Skill      XL: |  1  2  3  4  5  6  7 |
---------------+----------------------+-----
Short Blades   | 3 4 5 6 7 |  7.3
Stealth        | 6 7 8 9 |  9.2
Fighting       | 3 4 |  4.5
Throwing       | |  2.1
Dodging        | |  1.2

Action                   |  1- 3 |  4- 6 |  7- 9 || total
-------------------------+-------+-------+-------++-------
Melee: Dagger            |    44 |    29 |       ||    73
       Punch             |       |     1 |     1 ||     2
       Long sword        |       |    70 |    28 ||    98
Throw: Dart              |     1 |     9 |       ||    10
 Stab: Sleeping          |    14 |    13 |     2 ||    29
Armor: Robe              |     6 |    10 |       ||    16
Dodge: Dodged            |    22 |    82 |    17 ||   121
Block: Other             |       |       |     9 ||     9

Table legend: (Time is in decaauts)
 A = Elapsed time spent in this place.
 B = Non-inter-level travel time spent in this place.
 C = Inter-level travel time spent in this place.
 D = Time resting spent in this place.
 E = Time spent auto-exploring this place.
 F = Levels seen in this place.
 G = Mean time per level.
                   A        B        C        D        E       F      G
               +--------+--------+--------+--------+--------+-----+--------+
         Total |   3660 |   3396 |    264 |    197 |   2720 |   4 |  915.0 |
       Dungeon |   3660 |   3396 |    264 |    197 |   2720 |   4 |  915.0 |
               +--------+--------+--------+--------+--------+-----+--------+

Top non-repeatable levels by time:
     D:2: 1204 daAuts
     D:1: 1098 daAuts
     D:3: 770 daAuts
     D:4: 586 daAuts
